 Dungeon Crawl Stone Soup version 0.25.1-2-g60ff931df9 (webtiles) character file.

Game seed: 9015966005144952354

458 promet the Shield-Bearer (level 7, -1/55 HPs)
             Began as a Formicid Fighter on Oct 9, 2020.
             Was a Follower of Qazlal.
             Killed from afar by Sigmund (6 damage)
             ... with a magic dart
             ... on level 6 of the Dungeon on Nov 23, 2020.
             The game lasted 00:46:28 (4251 turns).

promet the Shield-Bearer (Formicid Fighter)         Turns: 4251, Time: 00:46:30

Health: -1/55      AC: 14    Str: 21    XL:     7   Next: 27%
Magic:  7/7        EV:  5    Int:  9    God:    Qazlal [*.....]
Gold:   118        SH: 17    Dex: 10    Spells: 6/6 levels left

rFire    . . .     SeeInvis +   C - +1 war axe
rCold    . . .     Gourm    .   c - +1 kite shield
rNeg     . . .     Faith    .   y - +0 plate armour
rPois    .         Spirit   .   (helmet unavailable)
rElec    .         Reflect  +   (no cloak)
rCorr    .         Harm     .   x - +1 pair of gloves
MR       .....                  (no boots)
Stlth    ..........             k - amulet of reflection
HPRegen  0.18/turn              (no ring)
MPRegen  0.10/turn              (no ring)

@: no status effects
A: permanent stasis, dig shafts and tunnels, four strong arms, antennae 3
a: Dig, Shaft Self, Renounce Religion


You were on level 6 of the Dungeon.
You worshipped Qazlal.
Qazlal was aware of your devotion.
You were not hungry.

You visited 1 branch of the dungeon, and saw 6 of its levels.

You collected 118 gold pieces.

Inventory:

Hand Weapons
 a - a +0 rapier
 e - a +2 vampiric spear
 C - a +1 war axe (weapon)
Missiles
 g - 89 stones
 i - 18 poisoned darts (quivered)
 j - 20 bolts
 v - 41 sling bullets
Armour
 b - a +1 scale mail
 c - a +1 kite shield (worn)
 x - a +1 pair of gloves (worn)
 y - a +0 plate armour (worn)
Jewellery
 k - an amulet of reflection (around neck)
 t - an uncursed amulet of magic regeneration {unknown}
 w - a cursed ring of ice {unknown}
Scrolls
 h - 5 scrolls of teleportation
 p - 4 scrolls of remove curse
 z - a scroll of identify
Potions
 d - a potion of might
 l - 2 potions of stabbing
 m - a potion of degeneration {unknown}
 n - a potion of flight {unknown}
 o - a potion of mutation {unknown}
 q - 4 potions of curing
 r - a potion of brilliance {unknown}
 s - a potion of heal wounds {unknown}
 u - a potion of haste {unknown}
Comestibles
 f - 7 rations


   Skills:
 * Level 4.7 Fighting
 + Level 3.6 Short Blades
 + Level 0.3 Axes
 + Level 0.4 Throwing
 + Level 4.2 Armour
 + Level 1.0 Dodging
 * Level 3.5 Stealth
 + Level 5.5 Shields


You had 6 spell levels left.
You didn't know any spells.
Your spell library was empty.

Dungeon Overview and Level Annotations

Branches:
Dungeon (7/15)
 Temple: D:4-7

Altars:
Cheibriados
Qazlal
The Shining One

Annotations:
D:3 2 transporters
D:6 Prince Ribbit, Sigmund


Innate Abilities, Weirdness & Mutations

You cannot be hasted, slowed, berserked, paralysed or teleported.
You can dig through walls and to a lower floor.
Your four strong arms can wield two-handed weapons with a shield.
You have a pair of large antennae on your head. (SInv)


Message History

* * * LOW HITPOINT WARNING * * *
You block Sigmund's attack.
You hit Sigmund.
Sigmund is moderately wounded.
You miss Prince Ribbit. You block Prince Ribbit's attack.
Prince Ribbit croaks regally.
You block Prince Ribbit's attack. Sigmund hits you but does no damage.
You slash Sigmund!
Sigmund is heavily wounded.
You hit Prince Ribbit but do no damage. You block Prince Ribbit's attack.
Prince Ribbit hits you but does no damage.
You block Sigmund's attack. Prince Ribbit hits you.
* * * LOW HITPOINT WARNING * * *
You slash Sigmund!
Sigmund is almost dead.
Your shield and plate armour prevent you from hitting Prince Ribbit.
Prince Ribbit barely misses you. Sigmund casts a spell at you.
The magic dart hits you.
You die...

###..#...........#
.#
#####..........##..#
#..##...........##
#....####... .....
##......#.##......
#....#.......#
##...#...#....#
###....F#.##.#
#..###@#.. ..
#......@..## {..
##..#.....(# { .@
####....### # #....#
....## #..... ##....


You could see Prince Ribbit and Sigmund (strong, invisible).

Vanquished Creatures
  An ogre (D:4)
  A bullfrog (D:6)
  A bullfrog skeleton (D:6)
  An orc priest (D:3)
  Jessica (D:2)
  An orc wizard (D:4)
  Natasha (twice) (D:2)
  Robin (D:2)
  4 adders (D:2)
  An ooze (D:6)
  An adder skeleton (D:2)
  2 worms (D:2)
  3 leopard geckos
  7 orcs
  2 giant cockroaches
  17 goblins
  9 hobgoblins
  6 jackals
  5 kobolds
  A quokka (D:3)
  6 bats
  4 frilled lizards
  6 rats
83 creatures vanquished.

Vanquished Creatures (others)
  A kobold (D:3)
1 creature vanquished.

Grand Total: 84 creatures vanquished

Notes
Turn   | Place    | Note
-------+----------+-------------------------------------------
     0 | D:1      | promet the Formicid Fighter began the quest for the Orb.
     0 | D:1      | Reached XP level 1. HP: 18/18 MP: 1/1
   134 | D:1      | Reached XP level 2. HP: 21/24 MP: 2/2
   706 | D:1      | Reached skill level 4 in Shields
   783 | D:1      | Reached XP level 3. HP: 30/30 MP: 3/3
  1024 | D:1      | Reached skill level 1 in Stealth
  1117 | D:2      | Noticed Robin
  1248 | D:2      | Killed Robin
  1248 | D:2      | Reached XP level 4. HP: 35/37 MP: 4/4
  1469 | D:2      | Noticed an earth elemental
  1471 | D:2      | Found a stormy altar of Qazlal.
  1473 | D:2      | Noticed a fire elemental
  1473 | D:2      | Noticed an air elemental
  1473 | D:2      | Noticed a water elemental
  1479 | D:2      | Became a worshipper of Qazlal Stormbringer
  2113 | D:3      | Noticed Jessica
  2114 | D:3      | Reached XP level 5. HP: 41/42 MP: 5/5
  2117 | D:3      | Noticed Natasha
  2308 | D:2      | Killed Jessica
  2540 | D:2      | Killed Natasha
  2738 | D:3      | Noticed an ogre
  2774 | D:3      | Reached * piety under Qazlal
  2797 | D:2      | Noticed Natasha
  2810 | D:2      | Killed Natasha
  2810 | D:2      | Reached skill level 5 in Shields
  2810 | D:2      | Reached XP level 6. HP: 48/48 MP: 6/6
  3517 | D:3      | Found a glowing golden altar of the Shining One.
  3583 | D:3      | Found a transporter.
  3591 | D:3      | Found a snail-covered altar of Cheibriados.
  3619 | D:3      | Found a transporter.
  3790 | D:4      | Noticed an ogre
  3799 | D:4      | Killed an ogre
  3997 | D:4      | You fall into a shaft and drop 3 floors!
  4034 | D:6      | Reached XP level 7. HP: 55/55 MP: 7/7
  4105 | D:6      | Reached skill level 1 in Dodging
  4220 | D:6      | Noticed Prince Ribbit
  4220 | D:6      | Noticed Sigmund
  4251 | D:6      | Killed from afar by Sigmund

Illustrated notes

Levels and vault maps discovered:
D:1:      psy_arrival_spokes, layout_basic
D:2:      layout_rooms, nicolae_qazlal_style_of_elements, columned_hall_lemuel,
          uniq_robin
D:3:      layout_rooms, tso_altar, gammafunk_temple_overflow_arena,
          uniq_natasha, uniq_jessica
D:4:      layout_layer_cave, gup_sewer_entry_bowl, first_ration,
          kennysheep_orc_chapel
D:6:      layout_cave_pools, uniq_prince_ribbit1, uniq_sigmund
D:7:      layout_basic, grunt_livestock, nicolae_lava_and_water,
          nicolae_gozag_zags_fifth_avenue

Skill      XL: |  1  2  3  4  5  6  7 |
---------------+----------------------+-----
Shields        | 4 5 |  5.5
Stealth        | 1 2 3 |  3.5
Fighting       | 4 |  4.7
Short Blades   | 3 |  3.6
Armour         | 4 |  4.2
Dodging        | 1 |  1.0
Axes           | |  0.3
Throwing       | |  0.4

Action                   |  1- 3 |  4- 6 |  7- 9 || total
-------------------------+-------+-------+-------++-------
Melee: Rapier            |   115 |   229 |       ||   344
       War axe           |       |     1 |    30 ||    31
Throw: Stone             |     7 |    10 |       ||    17
       Dart              |       |     3 |     1 ||     4
 Abil: Dig               |     5 |       |       ||     5
  Use: Scroll            |     3 |     7 |     1 ||    11
  Eat: Chunk             |     1 |     9 |     1 ||    11
Armor: Scale mail        |    46 |    77 |     2 ||   125
       Plate armour      |       |       |     8 ||     8
Dodge: Dodged            |    40 |    58 |     8 ||   106
Block: Kite shield       |    63 |   209 |    41 ||   313
       Reflection        |       |     8 |       ||     8
